 Dungeon Crawl Stone Soup version 0.29-a0-517-gbdf32494f2 (webtiles) character file.

Game seed: 14373913413499448636

1085 ptdevnull the Magician (level 8, -13/59 HPs)
             Began as a Djinni Fire Elementalist on May 30, 2022.
             Was an Initiate of Ashenzari.
             Mangled by a wyvern (15 damage)
             ... on level 6 of the Dungeon.
             The game lasted 00:09:56 (4200 turns).

ptdevnull the Magician (Djinni Fire Elementalist)   Turns: 4200, Time: 00:09:57

Health: -13/59     AC:  5    Str:  7    XL:     8   Next: 55%
Gold:   297        EV: 12    Int: 19    God:    Ashenzari [......] SH:  0 Dex: 14

rFire   + + +      SeeInvis +   a - staff of fire
rCold   x . .      Faith    .   (no shield)
rNeg    . . .      Spirit   .   y - +0 robe of Pathos {+Blink rElec SInv}
rPois   ∞          Reflect  .   (no helmet)
rElec   +          Harm     .   (no cloak)
rCorr   .          Rampage  .   o - +2 pair of gloves
Will    .....                   (boots unavailable)
Stlth   ++........              (no amulet)
HPRegen 0.19/turn               (no ring)
MPRegen 0.00/turn               (no ring)

@: flying
A: sickness immunity, fire resistance 2, cold vulnerability 1, float, innate
caster, HP casting, extra vitality 1
a: Renounce Religion, Evoke Blink, Curse Item


You were on level 6 of the Dungeon.
You worshipped Ashenzari.
Ashenzari was noncommittal.
You visited 2 branches of the dungeon, and saw 7 of its levels.

You collected 297 gold pieces.

Inventory:

Hand Weapons
 b - the +8 hunting sling of Reinforcement {flame, rF++ Int-2 Dex+6}
   (You found it on level 3 of the Dungeon)

   Any ammunition fired from it burns those it strikes, dealing additional fire
   damage.
   Int:       It affects your intelligence (-2).
   Dex:       It affects your dexterity (+6).
   rF:        It greatly protects you from fire.
 e - a +0 short sword
 v - a +1 long sword of electrocution
Armour
 n - a +0 robe
 o - a +2 pair of gloves (worn)
 y - the +0 robe of Pathos (worn) {+Blink rElec SInv}
   (You found it on level 4 of the Dungeon)

   rElec:     It insulates you from electricity.
   SInv:      It lets you see invisible.
   +Blink:    It lets you blink.
Magical Staves
 a - a staff of fire (weapon)
Jewellery
 z - a +6 ring of dexterity
Wands
 u - a wand of polymorph (10)
Scrolls
 c - 2 scrolls of torment {unknown}
 d - a scroll of amnesia {unknown}
 f - 2 scrolls of poison {unknown}
 h - 2 scrolls of enchant armour {unknown}
 i - 2 scrolls of enchant weapon {unknown}
 j - 6 scrolls of identify {unknown}
 m - 4 scrolls of blinking {unknown}
 q - 2 scrolls of brand weapon {unknown}
 r - a scroll of silence {unknown}
 s - 2 scrolls of teleportation {unknown}
 x - a scroll of noise {unknown}
 A - a scroll of vulnerability {unknown}
 B - a scroll of fear {unknown}
 C - a scroll of immolation {unknown}
Potions
 g - a potion of berserk rage {unknown}
 k - a potion of resistance {unknown}
 l - 2 potions of curing {unknown}
 p - 2 potions of brilliance {unknown}
 t - 5 potions of mutation {unknown}
 w - 3 potions of might {unknown}
 D - 2 potions of flight {unknown}


   Skills:
 + Level 5.2 Fighting
 - Level 2.1 Dodging
 - Level 1.5 Stealth
 * Level 6.4 Spellcasting


You had one spell level left.
You knew the following spells:

 Your Spells              Type           Power      Damage    Failure   Level
a - Foxfire               Conj/Fire      100%       2x1d9     1%          1
b - Scorch                Fire           92%        2d10      1%          2
c - Conjure Flame         Conj/Fire      46%        6-21      2%          3
d - Inner Flame           Hex/Fire       46%        N/A       2%          3
e - Flame Wave            Conj/Fire      46%        2d10      8%          4
f - Sandblast             Erth           60%        2d14      1%          1
g - Blink                 Tloc           60%        N/A       1%          2
h - Ensorcelled Hibernat  Hex/Ice        60%        N/A       1%          2
Your spell library was empty.

Dungeon Overview and Level Annotations

Branches:
Dungeon (6/15)             Temple (1/1) D:5

Altars:
Ashenzari
Cheibriados
Dithmenos
Gozag
Hepliaklqana
Makhleb
Nemelex Xobeh
Okawaru
Qazlal
Ru
Sif Muna
Uskayaw
Vehumet
Wu Jian
Xom
Yredelemnul
Zin


Innate Abilities, Weirdness & Mutations

You are immune to sickness and miasma.
You are immune to poison.
Your flesh is very heat resistant. (rF++)
You are vulnerable to cold. (rC-)
You float through the air rather than walking.
You learn spells naturally, not from books.
Your magical power is your life essence.
You have superior vitality. (+4 MHP)


Message History

(Press . to intensify the flame waves.)
You hear an angry hiss.
A wave of flame ripples out!
The flame wave engulfs the orc!
You kill the orc!
The flame wave engulfs the orc!
You kill the orc!
The flame wave engulfs the wyvern.
The wyvern is lightly wounded.
The flame wave engulfs the ice beast!
The ice beast melts!
You kill the ice beast!
You feel stable enough to blink again. The wyvern bites you.
A wave of flame ripples out!
The flame wave engulfs the wyvern.
The wyvern is moderately wounded.
You finish channelling waves of flame.
The wyvern bites you!
* * * LOW HITPOINT WARNING * * *
Unknown command.
Okay, then.
Aiming: Polymorph
Press: ? - help, Shift-Dir - straight line, f - wyvern
Aim: a wyvern (moderately wounded, will become a fire bat, a swamp drake, or a tengu, chance to affect: 49%)
Okay, then.
Casting: Flame Wave (dangerous; 8% risk of failure)
Confirm with . or Enter, or press ? or * to list all spells.
Aiming: Ensorcelled Hibernation (safe; 1% risk of failure)
Press: ? - help, Shift-Dir - straight line, f - wyvern
Aim: a wyvern (moderately wounded, chance to affect: 60%)
The wyvern resists with significant effort.
* * * LOW HITPOINT WARNING * * *
The wyvern misses you. The wyvern bites you!
* * * LOW HITPOINT WARNING * * *
Casting: Ensorcelled Hibernation (safe; 1% risk of failure)
Confirm with . or Enter, or press ? or * to list all spells.
Aiming: Ensorcelled Hibernation (safe; 1% risk of failure)
Press: ? - help, Shift-Dir - straight line, f/p - wyvern
Aim: a wyvern (moderately wounded, chance to affect: 60%)
The wyvern resists with significant effort.
* * * LOW HITPOINT WARNING * * *
The wyvern bites you!
You die...

##.# ##...# ###
#.....####.###
......#....#.#
#............##
#.............#
#........).#§.#### #
#....@l.##.....#######
##..................#.
...............#........
##.............#........
#..........#...........
#...........#...........
..........##............
..........##........#...
.. ##....#......


You could see a wyvern.

Vanquished Creatures
  A sky beast (D:6)
  2 black bears
  An ice beast (D:6)
  2 phantoms
  5 hounds
  2 jellies
  2 orc priests (D:4)
  5 iguanas
  8 adders
  An ufetubus (D:4)
  4 worms
  2 dart slugs
  11 orcs
  8 ball pythons
  4 bats
  3 endoplasms
  5 giant cockroaches
  7 goblins
  4 hobgoblins
  4 jackals (D:3)
  7 kobolds
  2 quokkas
  2 frilled lizards (D:1)
  4 rats (D:1)
96 creatures vanquished.

Vanquished Creatures (others)
  211 foxfires
211 creatures vanquished.

Grand Total: 307 creatures vanquished

Notes
Turn   | Place    | Note
-------+----------+-------------------------------------------
     0 | D:1      | ptdevnull the Djinni Fire Elementalist began the quest for
                  | the Orb.
     0 | D:1      | Reached XP level 1. HP: 15/15 MP: 0/0
   178 | D:1      | Reached XP level 2. HP: 17/22 MP: 0/0
   505 | D:1      | Reached skill level 1 in Fighting
   898 | D:1      | Reached XP level 3. HP: 26/27 MP: 0/0
   898 | D:1      | Learned a level 1 spell: Sandblast
  1000 | D:1      | Reached skill level 3 in Spellcasting
  1797 | D:3      | Found a shadowy altar of Dithmenos.
  1888 | D:3      | Identified the +8 hunting sling of Reinforcement {flame,
                  | rF++ Int-2 Dex+6}
  1906 | D:3      | Found a faded altar of an unknown god.
  1942 | D:3      | Reached XP level 4. HP: 32/32 MP: 0/0
  2413 | D:4      | Reached XP level 5. HP: 20/39 MP: 0/0
  2413 | D:4      | Learned a level 2 spell: Blink
  2602 | D:4      | Reached skill level 4 in Spellcasting
  2613 | D:4      | Noticed a black bear
  2621 | D:4      | Killed a black bear
  2622 | D:4      | Reached XP level 6. HP: 41/46 MP: 0/0
  2788 | D:4      | Reached XP level 7. HP: 31/50 MP: 0/0
  2788 | D:4      | Learned a level 2 spell: Ensorcelled Hibernation
  2971 | D:4      | Reached skill level 5 in Spellcasting
  3071 | D:4      | Identified the +0 robe of Pathos {+Blink rElec SInv}
  3218 | D:5      | Entered Level 5 of the Dungeon
  3315 | D:5      | Found a staircase to the Ecumenical Temple.
  3327 | Temple   | Entered the Ecumenical Temple
  3447 | Temple   | Became a worshipper of Ashenzari the Shackled
  3781 | D:5      | Found an ornate altar of the Wu Jian Council.
  3824 | D:5      | Reached XP level 8. HP: 55/58 MP: 0/0
  3979 | D:6      | Reached skill level 6 in Spellcasting
  4121 | D:6      | Reached skill level 5 in Fighting
  4193 | D:6      | Noticed a wyvern
  4200 | D:6      | Mangled by a wyvern

Illustrated notes

Levels and vault maps discovered:
D:1:      dpeg_arrival_arbitrary_c, layout_loops_ring,
          chequers_serial_rivers_small_a, roderic_lattice_a
D:2:      layout_basic, minmay_distorted
D:3:      layout_rooms, nicolae_dithmenos_shadow_blocks,
          ebering_ecumenical_altar_abandoned
D:4:      layout_rooms
D:5:      layout_basic, lemuel_round_altar, minmay_temple_entry_hall
D:6:      layout_cave_pools, elyvilon_altar_4, grunt_ministairs_8
Temple:   regret_index_temple_waves

Skill      XL: |  1  2  3  4  5  6  7  8 |
---------------+-------------------------+-----
Fighting       | 1 2 3 4 5 |  5.2
Spellcasting   | 3 4 5 6 |  6.4
Dodging        | |  2.1
Stealth        | |  1.5

Action                   |  1- 3 |  4- 6 |  7- 9 || total
-------------------------+-------+-------+-------++-------
Melee: Short sword       |     8 |       |       ||     8
 Fire: Hunting sling     |     7 |    51 |     4 ||    62
 Cast: Foxfire           |    50 |    21 |    52 ||   123
       Scorch            |       |     3 |    12 ||    15
       Blink             |       |     1 |     1 ||     2
       Ensorcelled Hiber |       |       |     2 ||     2
       Flame Wave        |       |       |     1 ||     1
 Stab: Sleeping          |     1 |       |       ||     1
Armor: Robe              |     4 |       |     3 ||     7
Dodge: Dodged            |    14 |     6 |     8 ||    28

Table legend: (Time is in decaauts)
 A = Elapsed time spent in this place.
 B = Non-inter-level travel time spent in this place.
 C = Inter-level travel time spent in this place.
 D = Time resting spent in this place.
 E = Time spent auto-exploring this place.
 F = Levels seen in this place.
 G = Mean time per level.
                   A        B        C        D        E       F      G
               +--------+--------+--------+--------+--------+-----+--------+
         Total |   4228 |   4059 |    169 |    211 |   3230 |   7 |  604.0 |
       Dungeon |   4087 |   3980 |    107 |    211 |   3165 |   6 |  681.2 |
        Temple |    141 |     79 |     62 |      0 |     65 |   1 |  141.0 |
               +--------+--------+--------+--------+--------+-----+--------+

Top non-repeatable levels by time:
     D:1: 1147 daAuts
     D:4: 852 daAuts
     D:2: 646 daAuts
     D:3: 601 daAuts
     D:5: 520 daAuts
     D:6: 318 daAuts
  Temple: 141 daAuts
